 Dungeon Crawl Stone Soup version 0.30-a0-622-gddc90eaa04 (webtiles) character file.

Game seed: 11609801458572977192

3234 greasedhog the Basher (level 10, -3/83 HPs)
             Began as a Formicid Fighter on Jan 11, 2023.
             Was a Follower of Okawaru.
             Slain by a gnoll
             ... wielding a +0 flail
             ... led by a gnoll bouda
              (5 damage)
             ... on level 8 of the Dungeon.
             The game lasted 00:09:11 (6167 turns).

greasedhog the Basher (Formicid Fighter)            Turns: 6167, Time: 00:09:12

Health: -3/83      AC:  9    Str: 24    XL:     10   Next: 18%
Magic:  11/11      EV:  8    Int:  9    God:    Okawaru [*.....]
Gold:   398        SH: 11    Dex: 19    Spells: 9/9 levels left

rFire   + + .      SeeInvis +    y - +1 whip (flame)
rCold   + . .      Faith    .    c - +0 buckler
rNeg    . . .      Spirit   .    j - +0 chain mail
rPois   .          Reflect  +    (helmet unavailable)
rElec   .          Harm     .    r - scarf {rC+ rF+}
rCorr   .          Rampage  .    (no gloves)
Will    +....                    (no boots) Stlth
                                 h - amulet of reflection
HPRegen 0.33/turn                f - ring of protection from fire
MPRegen 0.12/turn                x - +6 ring of dexterity

@: mighty, weakened, mesmerised
A: permanent stasis, dig shafts and tunnels, antennae 3, four strong arms
a: Dig, Shaft Self, Renounce Religion, Heroism


You were on level 8 of the Dungeon.
You worshipped Okawaru.
Okawaru was aware of your devotion.
You visited 2 branches of the dungeon, and saw 9 of its levels.

You collected 398 gold pieces.

Inventory:

Hand Weapons
 y - a +1 whip of flaming (weapon)
Missiles
 g - 5 boomerangs (quivered)
Armour
 c - a +0 buckler (worn)
 j - a +0 chain mail (worn)
 r - a scarf of resistance (worn)
Jewellery
 f - a ring of protection from fire (left hand)
 h - an amulet of reflection (around neck)
 x - a +6 ring of dexterity (right hand)
Scrolls
 b - 7 scrolls of teleportation {unknown}
 i - 3 scrolls of magic mapping
 l - a scroll of vulnerability {unknown}
 n - 2 scrolls of poison {unknown}
 p - 3 scrolls of enchant armour {unknown}
 t - a scroll of silence {unknown}
 w - 2 scrolls of immolation
Potions
 d - a potion of might
 e - 8 potions of curing
 k - 2 potions of attraction {unknown}
 m - 2 potions of mutation {unknown}
 o - 2 potions of degeneration {unknown}
 q - a potion of lignification {unknown}
 s - a potion of cancellation {unknown}
 u - a potion of magic
 v - a potion of flight {unknown}


   Skills:
 * Level 9.6 Fighting
 * Level 9.8 Maces & Flails
 - Level 5.0 Armour
 - Level 5.9 Shields
 + Level 2.4 Invocations


You had 9 spell levels left.
You didn't know any spells.
Your spell library contained the following spells:

 Spells                   Type           Power      Damage    Failure   Level
 Freeze                   Ice            0%         1d3       97%         1
 Dazzling Flash           Conj/Hex       0%         N/A       100%        3
 Frozen Ramparts          Ice            0%         1d1       100%        3
 Hailstorm                Conj/Ice       0%         3d3       100%        3
 Portal Projectile        Hex/Tloc       0%         N/A       100%        3
 Iskenderun's Mystic Bla  Conj/Tloc      0%         2d3       100%        4
 Blade Hands              Tmut           0%         N/A       100%        5
 Starburst                Conj/Fire      0%         6d3       100%        6
 Tukima's Dance           Hex            Unusable   N/A       N/A         3

Dungeon Overview and Level Annotations

Branches:
Dungeon (8/15)             Temple (1/1) D:7
   Lair: D:8-11

Altars:
Ashenzari
Cheibriados
Dithmenos
Fedhas
Gozag
Hepliaklqana
Kikubaaqudgha
Nemelex Xobeh
Okawaru
Qazlal
Ru
Sif Muna
Uskayaw
Vehumet
Wu Jian
Xom
Yredelemnul
Zin

Annotations:
D:8 Maggie


Innate Abilities, Weirdness & Mutations

You cannot be hasted, slowed, berserked, paralysed or teleported.
You can dig through walls and to a lower floor.
You have a pair of large antennae on your head. (SInv)
Your four strong arms can wield two-handed weapons with a shield.


Message History

Press: ? - help, Q - select action, (/) - cycle Shift-Dir - straight line, f - gnoll
Aim: a gnoll, wielding a +0 flail (lightly wounded, 69% to hit)
Okay, then.
You feel very mighty all of a sudden. The gnoll hits you but does no damage.
The gnoll hits you from afar with a +0 halberd!
Maggie gestures at you while chanting. The bolt of fire hits you. You resist.
Maggie zaps a wand.
The bolt of acid hits you.
You whack Maggie! You burn Maggie.
Maggie is lightly wounded.
The gnoll hits you with a +0 flail. You block the gnoll's attack.
Maggie points at you and mumbles some strange words.
The bolt of fire hits you. You resist.
You hit Maggie. You burn Maggie.
Maggie is moderately wounded.
The gnoll hits you with a +0 flail.
* * * LOW HITPOINT WARNING * * *
You block the gnoll's attack.
You hit Maggie but do no damage.
Maggie is moderately wounded.
The gnoll is no longer moving quickly.
You block Maggie's attack.
You whack Maggie! You burn Maggie.
Maggie is heavily wounded.
The gnoll hits you with a +0 flail.
* * * LOW HITPOINT WARNING * * *
You block the gnoll's attack.
Maggie zaps a wand.
The bolt of acid hits you!
* * * LOW HITPOINT WARNING * * *
You whack Maggie! You burn Maggie.
Maggie is severely wounded.
The gnoll barely misses you.
You hit Maggie but do no damage.
Maggie is severely wounded.
The gnoll hits you from afar with a +0 halberd.
* * * LOW HITPOINT WARNING * * *
Maggie hits you with a +0 halberd of flaming.
* * * LOW HITPOINT WARNING * * *
It was a potion of magic.
Magic courses through your body. The gnoll hits you with a +0 flail.
You die...

.... .... .....
## #
#....######.#.#.
.......#.......
#....<)..#
#.....g.##
##..@g#.....#
#...@..#......
................
................
................
................
.........(.....
...............


You could see Maggie (mesmerising) and 2 gnolls.

Vanquished Creatures
  Pikel (D:5)
  Maurice (D:7)
  A hornet (D:7)
  Sigmund (D:5)
  Eustachio (D:5)
  A steam dragon (D:7)
  An ice beast (D:5)
  3 sky beasts (D:7)
  A centaur (D:7)
  2 kobold brigands
  2 lemures (D:5)
  2 scorpions
  A necrophage (D:6)
  A howler monkey (D:4)
  2 orc priests
  2 gnoll boudas
  3 jellies
  6 hounds
  6 iguanas
  Natasha (thrice) (D:4)
  4 orc wizards
  7 gnolls
  7 adders
  A shadow imp (D:5)
  4 white imps
  2 worms
  3 dart slugs
  18 orcs
  4 endoplasms
  3 giant cockroaches (D:1)
  8 goblins
  16 hobgoblins
  6 jackals
  7 quokkas
  11 ball pythons
  4 bats
  A frilled lizard (D:2)
  16 kobolds
  6 rats
169 creatures vanquished.

Vanquished Creatures (others)
  A human (D:4)
  A fungus (D:2)
  2 plants (D:2)
4 creatures vanquished.

Grand Total: 173 creatures vanquished

Notes
Turn   | Place    | Note
-------+----------+-------------------------------------------
     0 | D:1      | greasedhog the Formicid Fighter began the quest for the
                  | Orb.
     0 | D:1      | Reached XP level 1. HP: 18/18 MP: 1/1
    46 | D:1      | Reached XP level 2. HP: 24/24 MP: 2/2
   205 | D:1      | Reached XP level 3. HP: 30/30 MP: 3/3
   762 | D:2      | Reached XP level 4. HP: 37/37 MP: 4/4
   891 | D:2      | Found a shimmering altar of Xom.
   981 | D:2      | Found a faded altar of an unknown god.
  1294 | D:3      | Reached XP level 5. HP: 41/43 MP: 5/5
  1428 | D:3      | Reached skill level 5 in Fighting
  1564 | D:3      | Reached XP level 6. HP: 42/51 MP: 6/6
  1997 | D:4      | Found an ancient bone altar of Kikubaaqudgha.
  2005 | D:4      | Noticed a human
  2009 | D:4      | Killed a human
  2043 | D:4      | Noticed Natasha
  2065 | D:4      | Killed Natasha
  2077 | D:4      | HP: 2/51 [howler monkey (5)]
  2081 | D:4      | Reached skill level 5 in Maces & Flails
  2081 | D:4      | Reached XP level 7. HP: 4/56 MP: 7/7
  2132 | D:4      | Noticed Natasha
  2137 | D:4      | Killed Natasha
  2144 | D:4      | Noticed Natasha
  2153 | D:4      | Killed Natasha
  2154 | D:4      | Reached skill level 5 in Armour
  3013 | D:5      | Entered Level 5 of the Dungeon
  3032 | D:5      | Reached skill level 5 in Shields
  3309 | D:5      | Noticed Sigmund
  3309 | D:5      | Noticed Eustachio
  3330 | D:5      | Killed Sigmund
  3331 | D:5      | Reached XP level 8. HP: 60/62 MP: 8/8
  3355 | D:5      | Killed Eustachio
  3767 | D:5      | Noticed Pikel
  3799 | D:5      | Killed Pikel
  3800 | D:5      | Reached XP level 9. HP: 54/72 MP: 9/9
  4542 | D:6      | Found a shimmering blue altar of Sif Muna.
  4919 | D:7      | Found a staircase to the Ecumenical Temple.
  4950 | D:7      | Noticed a hornet
  4957 | D:7      | Killed a hornet
  4966 | Temple   | Entered the Ecumenical Temple
  5097 | Temple   | Became a worshipper of Warmaster Okawaru
  5195 | D:7      | Found an ornate altar of the Wu Jian Council.
  5559 | D:7      | Reached skill level 1 in Invocations
  5736 | D:8      | Noticed Maggie
  5814 | D:8      | Noticed Maurice
  5901 | D:7      | Reached XP level 10. HP: 83/83 MP: 9/11
  6051 | D:7      | Killed Maurice
  6051 | D:7      | Reached * piety under Okawaru
  6166 | D:8      | HP: 2/83 [Maggie/+0 halberd of flaming (5)]
  6167 | D:8      | Slain by a gnoll

Illustrated notes

Levels and vault maps discovered:
D:1:      heliophobic_arrival_enchanted_forest, layout_basic
D:2:      layout_rooms, basic_altar, shapermc_ecumenical_altar_mp_ritualfount
D:3:      layout_rooms
D:4:      layout_basic, tgw_kikubaaqudgha, chequers_jeans, nrook_mini_vaults,
          uniq_natasha
D:5:      layout_gridville, serial_bayou_crossing, uniq_eustachio, uniq_pikel,
          uniq_sigmund
D:6:      layout_basic, tgw_sif, st_stairs_9
D:7:      layout_basic, nzn_wu_jian_contemplation, temple_pool_b
D:8:      layout_cave_pools, nicolae_overflow_crystal_walls,
          nicolae_ossuary_entry_ruins, minmay_misc_feat_ornament, uniq_maggie,
          uniq_joseph, uniq_gastronok, uniq_maurice
Temple:   nicolae_temple_ecumenical_triangle

Skill      XL: |  1  2  3  4  5  6  7  8  9 10 |
---------------+-------------------------------+-----
Fighting       | 4 5 7 9 |  9.6
Maces & Flails | 3 4 5 6 8 9 |  9.8
Armour         | 4 5 |  5.0
Shields        | 5 |  5.9
Invocations    | 1 2 |  2.4

Action                   |  1- 3 |  4- 6 |  7- 9 | 10-12 || total
-------------------------+-------+-------+-------+-------++-------
Melee: Flail             |    96 |   192 |   334 |    18 ||   640
       Whip              |       |       |       |    27 ||    27
Throw: Boomerang         |       |       |    24 |     6 ||    30
 Abil: Dig               |       |       |     2 |       ||     2
Evoke: Wand              |       |       |     5 |       ||     5
  Use: Scroll            |     3 |     1 |     1 |       ||     5
       Potion            |       |     1 |     2 |     2 ||     5
Armor: Scale mail        |    40 |       |       |       ||    40
       Chain mail        |    15 |    96 |   120 |    13 ||   244
Dodge: Dodged            |    47 |    57 |   105 |    16 ||   225
Block: Buckler           |    21 |   100 |   172 |    33 ||   326
       Reflection        |       |       |     8 |     2 ||    10

Table legend: (Time is in decaauts)
 A = Elapsed time spent in this place.
 B = Non-inter-level travel time spent in this place.
 C = Inter-level travel time spent in this place.
 D = Time resting spent in this place.
 E = Time spent auto-exploring this place.
 F = Levels seen in this place.
 G = Mean time per level.
                   A        B        C        D        E       F      G
               +--------+--------+--------+--------+--------+-----+--------+
         Total |   6280 |   6109 |    171 |    947 |   3640 |   9 |  697.8 |
       Dungeon |   6143 |   5972 |    171 |    947 |   3537 |   8 |  767.9 |
        Temple |    136 |    136 |      0 |      0 |    103 |   1 |  136.0 |
               +--------+--------+--------+--------+--------+-----+--------+

Top non-repeatable levels by time:
     D:7: 1286 daAuts
     D:4: 1166 daAuts
     D:5: 1001 daAuts
     D:1: 747 daAuts
     D:6: 708 daAuts
     D:3: 604 daAuts
     D:2: 576 daAuts
  Temple: 136 daAuts
     D:8: 51 daAuts
